 Dungeon Crawl Stone Soup version 0.17.0-7-gfadd4cc (webtiles) character file.

72 Ijustatesigmund the Conjurer (level 4, 0/27 HPs)
             Began as an Octopode Conjurer on Nov 8, 2015.
             Killed from afar by Sigmund (4 damage)
             ... with a magic dart
             ... on level 2 of the Dungeon.
             The game lasted 00:05:27 (1646 turns).

Ijustatesigmund the Conjurer (Octopode Conjurer)    Turns: 1646, Time: 00:05:27

Health: 0/27       AC:  1    Str:  7    XL:     4   Next: 25%
Magic:  1/7        EV: 12    Int: 23    God:
Gold:   70         SH:  0    Dex: 12    Spells: 3 memorised, 1 level left

rFire  . . .     SeeInvis .     e - +0 dagger
rCold  . . .     Clarity  .     (no shield)
rNeg   . . .     SustAt   .     (helmet restricted)
rPois  .         Gourm    .     (no amulet)
rElec  .         Spirit   .     (no ring)
rCorr  .         Warding  .     (no ring)
rMut   .         Stasis   .     (no ring)
MR     .....                    (no ring)
Stlth  ++........               (no ring)
                                (no ring)
                                (no ring)
                                (no ring)

@: confused, brilliant, not resistant to hostile enchantments, unstealthy
A: almost no armour, amphibious, 8 rings, constrict 8, camouflage 1, gelatinous
body 1
a: no special abilities


You were on level 2 of the Dungeon.
You were not hungry.

You visited 1 branch of the dungeon, and saw 2 of its levels.

You collected 70 gold pieces.

Inventory:

Hand Weapons
 e - a +0 dagger (weapon)
Scrolls
 c - a scroll of recharging
 d - 2 scrolls of teleportation
 g - 2 scrolls of remove curse
 i - 2 scrolls of noise
 j - a scroll of immolation
 l - a scroll of blinking
Potions
 k - a potion of ambrosia {unknown}
 o - a potion of curing {unknown}
Books
 a - a book of Conjurations

   Spells                             Type                      Level
   a - Magic Dart                     Conjuration                  1
   b - Searing Ray                    Conjuration                  2
   c - Dazzling Spray                 Conjuration/Hexes            3
   d - Fulminant Prism                Conjuration/Hexes            4
   e - Iskenderun's Mystic Blast      Conjuration                  4
   f - Iskenderun's Battlesphere      Conjuration/Charms           5
Comestibles
 b - 2 bread rations
 f - 2 fruits
 m - a meat ration


   Skills:
 + Level 1.9 Short Blades
 - Level 2.0 Dodging
 + Level 4.0 Stealth
 - Level 2.0 Spellcasting
 + Level 4.5 Conjurations
 + Level 1.0 Hexes


You had one spell level left.
You knew the following spells:

 Your Spells              Type           Power        Failure   Level  Hunger
a - Magic Dart            Conj           ####         1%          1    #......
b - Searing Ray           Conj           #####.       1%          2    ##.....
c - Dazzling Spray        Conj/Hex       ####....     1%          3    ###....


Dungeon Overview and Level Annotations

Branches:
Dungeon (2/15)

Altars:
Dithmenos

Annotations:
D:2 Sigmund


Innate Abilities, Weirdness & Mutations

You cannot wear most types of armour.
You are amphibious.
You can wear up to eight rings at the same time.
You can use your tentacles to constrict eight enemies at once.
Your skin changes colour to match your surroundings (Stealth).
Your rubbery body absorbs attacks (AC +1).


Message History

The searing ray hits Sigmund.
Sigmund is moderately wounded.
Sigmund points at you and mumbles some strange words.
You are confused.
Sigmund giggles. "Time to reap what you sow."
Drink which item? (? for menu, Esc to quit)
It was a potion of brilliance.
You feel clever all of a sudden. Sigmund completely misses you.
You bump into the rock wall.
Sigmund drinks a potion.
Sigmund seems to speed up.
You're too confused to move!
Sigmund hits you from afar with a scythe!
You bump into the rock wall.
Sigmund hits you from afar with a scythe!
* * * LOW HITPOINT WARNING * * *
You bump into the rock wall.
Sigmund gestures at you while chanting. The magic dart hits you!
You die...

## ###8... .##.....# .
##_..... .. #..... ...
#8...8 †... # ##>## .....
####################......
+...............@.@'......
#.###..#####.#######......
#.###..# #.# .....
#.#....## #.# ####
#.#.....# ##+#############
#.#...#.###....##........#
..')..#..##....##........#
..#...##.##..............#
###...##..#..............##


You could see Sigmund.

Vanquished Creatures
  An adder (D:2)
  3 gnolls (D:2)
  An ooze (D:2)
  2 bats (D:1)
  A giant cockroach (D:1)
  4 goblins
  3 hobgoblins (D:2)
  A quokka (D:2)
  4 giant newts (D:1)
  4 kobolds
  5 rats
29 creatures vanquished.

Notes
Turn   | Place    | Note
--------------------------------------------------------------
     0 | D:1      | Ijustatesigmund the Octopode Conjurer began the quest for the Orb.
     0 | D:1      | Reached XP level 1. HP: 11/11 MP: 3/3
   131 | D:1      | Reached XP level 2. HP: 17/17 MP: 1/5
   135 | D:1      | Learned a level 2 spell: Searing Ray
   181 | D:1      | Reached skill level 1 in Short Blades
   871 | D:2      | Reached XP level 3. HP: 3/21 MP: 0/6
   876 | D:2      | Learned a level 3 spell: Dazzling Spray
  1335 | D:2      | Reached XP level 4. HP: 27/27 MP: 2/7
  1618 | D:2      | Found a shadowy altar of Dithmenos.
  1635 | D:2      | Reached skill level 1 in Hexes
  1636 | D:2      | Noticed Sigmund
  1646 | D:2      | Killed from afar by Sigmund

Action                   |  1- 3 |  4- 6 || total
-------------------------+-------+-------++-------
Melee: Unarmed           |     6 |       ||     6
       Dagger            |     9 |       ||     9
 Cast: Magic Dart        |    42 |     9 ||    51
       Searing Ray       |     2 |     2 ||     4
  Use: Scroll            |     8 |       ||     8
       Potion            |     1 |     1 ||     2
  Eat: Chunk             |     1 |     2 ||     3
